 Dungeon Crawl Stone Soup version 0.20.1-1-g8b1a95d (webtiles) character file.

326 slep the Shield-Bearer (level 6, -10/53 HPs)
             Began as a Minotaur Fighter on Nov 1, 2017.
             Was a Believer of Uskayaw.
             Killed by divine providence
             ... invoked by an orc priest
              (13 damage)
             ... on level 4 of the Dungeon.
             The game lasted 00:12:00 (2515 turns).

slep the Shield-Bearer (Minotaur Fighter)           Turns: 2515, Time: 00:12:01

Health: -10/53     AC:  3    Str: 18    XL:     6   Next: 24%
Magic:  5/5        EV:  9    Int:  5    God:    Uskayaw [**....]
Gold:   203        SH: 10    Dex: 12    Spells: 5/5 levels left

rFire    + . .     SeeInvis .   y - -2 whip (curse)
rCold    + . .     Gourm    .   c - +0 shield
rNeg     + . .     Faith    .   B - +1 robe {rN+}
rPois    +         Spirit   .   (helmet restricted)
rElec    +         Reflect  .   (no cloak)
rCorr    +         Harm     .   (no gloves)
MR       .....                  (no boots)
Stlth    +.........             (no amulet)
Regen    0.2/turn               A - ring of wizardry
MPRegen  0.1/turn               (no ring)

@: resistant, flying, very slightly contaminated, hasted, invisible, very quick
A: retaliatory headbutt, horns 2, poison resistance, weak 1
a: Stomp, Line Pass, Renounce Religion


You were on level 4 of the Dungeon.
You worshipped Uskayaw.
Uskayaw was noncommittal.
You were hungry.

You visited 1 branch of the dungeon, and saw 4 of its levels.

You collected 203 gold pieces.

Inventory:

Hand Weapons
 a - a +0 long sword
 e - a +2 dagger of protection
 s - a +0 dagger of holy wrath
 u - a +0 mace of crushing
 y - a cursed -2 whip (weapon)
Armour
 b - a +0 scale mail
 c - a +0 shield (worn)
 B - a +1 robe of positive energy (worn)
Jewellery
 A - a ring of wizardry (left hand)
Wands
 v - a wand of random effects (21/48)
Scrolls
 h - a scroll of magic mapping {unknown}
 j - 5 scrolls of identify {unknown}
 k - a scroll of amnesia {unknown}
 l - a scroll of remove curse {unknown}
 r - a scroll of blinking {unknown}
 t - a scroll of recharging {unknown}
 x - 2 scrolls of teleportation {unknown}
 z - a scroll of random uselessness {unknown}
Potions
 d - 2 potions of might
 i - 3 potions of ambrosia
 o - a potion of haste
Comestibles
 f - 4 bread rations
 n - a royal jelly
 p - 3 fruits


   Skills:
 + Level 4.6 Fighting
 + Level 4.8 Long Blades
 + Level 0.5 Maces & Flails
 + Level 5.0 Armour
 + Level 0.9 Dodging
 + Level 0.5 Stealth
 + Level 5.3 Shields


You had 5 spell levels left.
You didn't know any spells.

Dungeon Overview and Level Annotations

Branches:
Dungeon (4/15)
 Temple: D:4-7

Altars:
Ashenzari
Dithmenos
Fedhas
Gozag
Kikubaaqudgha
Okawaru
Qazlal
Ru
Uskayaw
Vehumet
Xom


Innate Abilities, Weirdness & Mutations

You reflexively headbutt those who attack you in melee.
You have a pair of horns on your head.
Your system is resistant to poisons. (rPois)
You are weak. (Str -2)


Message History

You block the orc priest's attack.
You catch the helpless orc priest completely off-guard!
You hit the orc priest.
The orc priest is almost dead.
The orc wizard points at the orc priest and mumbles some strange words.
The orc priest resists with some effort.
The orc priest shouts!
You can now pass through a line of other dancers.
You block the orc wizard's attack.
You closely miss the orc priest.
The orc priest is almost dead.
The orc priest hits you with a club.
* * * LOW HITPOINT WARNING * * *
You block the orc's attack.
The orc wizard hits you but does no damage.
You hit the orc priest but do no damage.
The orc priest is almost dead.
The orc priest invokes the aid of Beogh against you.
Beogh smites you!
You die...

### #.. #.#
#.#######
###........
#.......$#
##.#..###.#
######o....#
#..))@o#...#
#.####o.......#
...# ##.###...#
##### #.# .#.#
..# .#.# ####
.# #


You could see an orc priest, an orc wizard and an orc.

Vanquished Creatures
  Blork the orc (D:4)
  4 orc wizards (D:3)
  Jessica (D:2)
  6 adders
  An ooze (D:3)
  2 worms
  A dart slug (D:1)
  3 leopard geckos
  8 orcs
  7 giant cockroaches
  8 goblins
  11 hobgoblins
  2 jackals (D:1)
  A ball python (D:1)
  9 bats
  8 frilled lizards
  5 kobolds
  4 rats
82 creatures vanquished.

Notes
Turn   | Place    | Note
-------+----------+-------------------------------------------
     0 | D:1      | slep the Minotaur Fighter began the quest for the Orb.
     0 | D:1      | Reached XP level 1. HP: 19/19 MP: 0/0
   117 | D:1      | Reached XP level 2. HP: 18/27 MP: 1/1
   813 | D:1      | Reached XP level 3. HP: 28/33 MP: 2/2
  1113 | D:2      | Reached XP level 4. HP: 40/40 MP: 3/3
  1208 | D:2      | Noticed Jessica
  1214 | D:2      | Killed Jessica
  1543 | D:2      | Found a faded altar of an unknown god.
  1546 | D:2      | Became a worshipper of Uskayaw the Reveler
  1546 | D:2      | Reached * piety under Uskayaw
  1635 | D:3      | Reached skill level 5 in Shields
  1811 | D:3      | Reached ** piety under Uskayaw
  1812 | D:3      | Reached XP level 5. HP: 47/47 MP: 4/4
  1816 | D:3      | Reached *** piety under Uskayaw
  1828 | D:3      | Reached **** piety under Uskayaw
  2005 | D:3      | Found a radiant altar of Vehumet.
  2007 | D:3      | Found a stormy altar of Qazlal.
  2012 | D:3      | Found an ancient bone altar of Kikubaaqudgha.
  2017 | D:3      | Found a shimmering altar of Xom.
  2018 | D:3      | Found a shattered altar of Ashenzari.
  2018 | D:3      | Found a sacrificial altar of Ru.
  2031 | D:3      | Found a shadowy altar of Dithmenos.
  2032 | D:3      | Found an iron altar of Okawaru.
  2033 | D:3      | Found a blossoming altar of Fedhas.
  2034 | D:3      | Found an opulent altar of Gozag.
  2446 | D:4      | Noticed Blork the orc
  2467 | D:4      | Killed Blork the orc
  2467 | D:4      | Reached skill level 5 in Armour
  2467 | D:4      | Reached XP level 6. HP: 4/53 MP: 5/5
  2498 | D:4      | HP: 1/53 [orc priest/divine providence (9)]
  2504 | D:4      | Gained mutation: You are weak. (Str -2) [potion of mutation]
  2504 | D:4      | Gained mutation: Your system is resistant to poisons. (rPois) [potion of mutation]
  2515 | D:4      | Killed from afar by an orc priest

Skill      XL: |  1  2  3  4  5 |
---------------+----------------+-----
Armour         | 4 5 |  5.0
Shields        | 4 5 |  5.3
Fighting       | 4 |  4.6
Long Blades    | 3 4 |  4.8
Maces & Flails | |  0.5
Dodging        | |  0.9
Stealth        | |  0.5

Action                   |  1- 3 |  4- 6 || total
-------------------------+-------+-------++-------
Melee: Long sword        |    70 |   113 ||   183
       Headbutt          |    17 |    17 ||    34
       Whip              |       |    33 ||    33
Evoke: Wand              |       |     2 ||     2
  Use: Potion            |       |     6 ||     6
 Stab: Paralysed         |       |     2 ||     2
       Invisible         |       |     1 ||     1
  Eat: Chunk             |     1 |     4 ||     5
Armor: Scale mail        |    33 |    53 ||    86
       Robe              |       |     2 ||     2
Dodge: Dodged            |    26 |    42 ||    68
Block: Shield            |    44 |    68 ||   112
       Rpst.: Long sword |     6 |    13 ||    19
